ORI
UNIVERSITY OF GEORGIA BULLDOGS @ ARIZONA STATE UNIVERSITY SUN DEVILS
10/27/2049
 
TOP OF THE 1ST
University of Georgia Bulldogs batting - Pitching for California State University at Fullerton Titans : LHP Malcolm Mcquade
Pitching: LHP Malcolm Mcquade
Batting: LHB Sloan Rayner 0-0: Ground out 4-3 (Groundball, 4, EV 91.2 MPH)
Batting: LHB Cole Sanchez 0-0: Foul Ball, location: 2F
0-1: Ball
1-1: Foul Ball, location: 2F
1-2: Ball
2-2: Ground out U3 (Groundball, 34, EV 100.0 MPH)
Batting: RHB Murilo Cunha 0-0: Called Strike
0-1: SINGLE (Groundball, 5S, EV 67.5 MPH) (infield hit)
Batting: RHB Rodolfo Solis 0-0: Ball
1-0: Ball
Murilo Cunha steals 2nd base
2-0: DOUBLE (Line Drive, 7LS, EV 110.0 MPH)
Murilo Cunha scores
Batting: LHB Milton Yeo 0-0: Ball
1-0: Ball
2-0: Called Strike
2-1: Called Strike
2-2: 2-RUN HOME RUN (Flyball, 9LD, EV 104.4 MPH), Distance : 384 ft
Batting: RHB Justin Szymczyk 0-0: Called Strike
0-1: Swinging Strike
0-2: Ground out 3-1 (Groundball, 34S, EV 93.8 MPH)
Top of the 1st over - 3 runs, 3 hits, 0 errors, 0 left on base; University of Georgia 3 - California State University at Fullerton 0
BOTTOM OF THE 1ST
California State University at Fullerton Titans batting - Pitching for University of Georgia Bulldogs : RHP Bob Vetrano
Pitching: RHP Bob Vetrano
Batting: LHB Mike Fernandez 0-0: Ball
1-0: Ball
2-0: Ball
3-0: Foul Ball, location: 2F
3-1: Swinging Strike
3-2: Strikes out looking
Batting: LHB Jim Snell 0-0: Ball
1-0: Called Strike
1-1: Foul Ball, location: 2F
1-2: Foul Ball, location: 2F
1-2: Strikes out swinging
Batting: RHB Simon Sultzbach 0-0: Ball
1-0: Ground out 5-3 (Groundball, 25, EV 80.0 MPH)
Bottom of the 1st over - 0 runs, 0 hits, 0 errors, 0 left on base; University of Georgia 3 - California State University at Fullerton 0
TOP OF THE 2ND
University of Georgia Bulldogs batting - Pitching for California State University at Fullerton Titans : LHP Malcolm Mcquade
Batting: LHB Andy Dyer 0-0: Foul Ball, location: 2F
0-1: Fly out, F9 (Flyball, 89M, EV 93.8 MPH)
Batting: RHB James Warby 0-0: Swinging Strike
0-1: Ball
1-1: Swinging Strike
1-2: Strikes out swinging
Batting: LHB Luis Mejia 0-0: Called Strike
0-1: Ball
1-1: Ball
2-1: Foul Ball, location: 2F
2-2: Foul Ball, location: 2F
2-2: Foul Ball, location: 2F
2-2: Ground out 4-3 (Groundball, 34, EV 89.4 MPH)
Top of the 2nd over - 0 runs, 0 hits, 0 errors, 0 left on base; University of Georgia 3 - California State University at Fullerton 0
BOTTOM OF THE 2ND
California State University at Fullerton Titans batting - Pitching for University of Georgia Bulldogs : RHP Bob Vetrano
Batting: LHB Alberto Aguilar 0-0: Ball
1-0: SINGLE (Groundball, 6MD, EV 100.6 MPH)
Batting: SHB Jason Pugh 0-0: Ball
1-0: Foul Ball, location: 2F
1-1: Ball
2-1: Ball
3-1: Base on Balls
Alberto Aguilar to second
Batting: RHB Justin Thomas 0-0: Called Strike
0-1: Swinging Strike
0-2: Ball
1-2: Strikes out swinging
Batting: LHB John Blumberg 0-0: Ball
1-0: Called Strike
1-1: Foul Ball, location: 2F
1-2: Foul Ball, location: 2F
1-2: Ball
2-2: Foul Ball, location: 2F
2-2: Strikes out swinging
Batting: RHB Alex Freyre 0-0: Ball
1-0: Called Strike
1-1: Foul Ball, location: 2F
1-2: Ball
2-2: Ball
3-2: Reached via error on a dropped throw from 3B, E3 (Groundball, 56S, EV 88.1 MPH)
Alberto Aguilar to third
Jason Pugh to second
Batting: RHB Takayashi Hori 0-0: Ground out 5-3 (Groundball, 56S, EV 73.1 MPH)
Bottom of the 2nd over - 0 runs, 1 hit, 1 error, 3 left on base; University of Georgia 3 - California State University at Fullerton 0
TOP OF THE 3RD
University of Georgia Bulldogs batting - Pitching for California State University at Fullerton Titans : LHP Malcolm Mcquade
Batting: LHB Sloan Rayner 0-0: Called Strike
0-1: Ball
1-1: Ball
2-1: Called Strike
2-2: Strikes out looking
Batting: LHB Cole Sanchez 0-0: Ball
1-0: Swinging Strike
1-1: Foul Ball, location: 2F
1-2: Ball
2-2: Foul Ball, location: 2F
2-2: Ball
3-2: Fly out, F7 (Flyball, 7D, EV 86.2 MPH)
Batting: RHB Murilo Cunha 0-0: Called Strike
0-1: Ball
1-1: Ground out 4-3 (Groundball, 4, EV 86.2 MPH)
Top of the 3rd over - 0 runs, 0 hits, 0 errors, 0 left on base; University of Georgia 3 - California State University at Fullerton 0
BOTTOM OF THE 3RD
California State University at Fullerton Titans batting - Pitching for University of Georgia Bulldogs : RHP Bob Vetrano
Batting: LHB Mike Fernandez 0-0: Foul Ball, location: 2F
0-1: Foul Ball, location: 2F
0-2: Ground out U3 (Groundball, 3, EV 98.1 MPH)
Batting: LHB Jim Snell 0-0: Called Strike
0-1: SINGLE (Line Drive, 4MD, EV 105.0 MPH)
Batting: RHB Simon Sultzbach 0-0: Ball
Jim Snell is caught stealing 2nd base 2-4
1-0: Ground out 3-1 (Groundball, 34, EV 101.2 MPH)
Bottom of the 3rd over - 0 runs, 1 hit, 0 errors, 0 left on base; University of Georgia 3 - California State University at Fullerton 0
TOP OF THE 4TH
University of Georgia Bulldogs batting - Pitching for California State University at Fullerton Titans : LHP Malcolm Mcquade
Batting: RHB Rodolfo Solis 0-0: Ball
1-0: DOUBLE (Line Drive, 3D, EV 93.8 MPH)
Batting: LHB Milton Yeo 0-0: Foul Ball, location: 2F
0-1: Swinging Strike
0-2: Ball
1-2: Ball
2-2: DOUBLE (Line Drive, 78XD, EV 103.8 MPH)
Rodolfo Solis scores
Batting: RHB Justin Szymczyk 0-0: Called Strike
0-1: Ball
Wild Pitch!
Milton Yeo to third
1-1: Called Strike
1-2: Fly out, F6 (Popup, 15S, EV 90.0 MPH)
Batting: LHB Andy Dyer 0-0: Foul Ball, location: 2F
0-1: Foul Ball, location: 2F
0-2: Foul Ball, location: 2F
0-2: Ball
1-2: Foul Ball, location: 2F
1-2: Ball
2-2: Ball
3-2: Strikes out swinging
Batting: RHB James Warby 0-0: Called Strike
0-1: Ball
1-1: Ball
2-1: Ball
3-1: Ground out 5-3 (Groundball, 5, EV 88.1 MPH)
Top of the 4th over - 1 run, 2 hits, 0 errors, 1 left on base; University of Georgia 4 - California State University at Fullerton 0
BOTTOM OF THE 4TH
California State University at Fullerton Titans batting - Pitching for University of Georgia Bulldogs : RHP Bob Vetrano
Batting: LHB Alberto Aguilar 0-0: Swinging Strike
0-1: SINGLE (Flyball, 9S, EV 90.6 MPH)
Batting: SHB Jason Pugh 0-0: Ball
1-0: Foul Ball, location: 2F
1-1: Fly out, F8 (Line Drive, 8LM, EV 92.5 MPH)
Batting: RHB Justin Thomas 0-0: Called Strike
0-1: Called Strike
0-2: Strikes out swinging
Batting: LHB John Blumberg 0-0: Ball
1-0: Ball
Alberto Aguilar steals 2nd base
2-0: Called Strike
2-1: Called Strike
2-2: Strikes out swinging passed ball, reaches first!
Alberto Aguilar to third
Batting: RHB Alex Freyre 0-0: Ball
1-0: Swinging Strike
1-1: Ball
2-1: Called Strike
2-2: Strikes out looking
Bottom of the 4th over - 0 runs, 1 hit, 0 errors, 2 left on base; University of Georgia 4 - California State University at Fullerton 0
TOP OF THE 5TH
University of Georgia Bulldogs batting - Pitching for California State University at Fullerton Titans : LHP Malcolm Mcquade
Batting: LHB Luis Mejia 0-0: Ball
1-0: Called Strike
1-1: Foul Ball, location: 2F
1-2: Ball
2-2: Ball
3-2: Base on Balls
Pitching: RHP Tyler Van der Lugt
Batting: LHB Sloan Rayner 0-0: Called Strike
Luis Mejia is caught stealing 2nd base 2-6
0-1: Ball
1-1: Ball
2-1: Ground out 6-3 (Groundball, 6, EV 85.6 MPH)
Batting: LHB Cole Sanchez 0-0: Foul Ball, location: 2F
0-1: Foul Ball, location: 2F
0-2: Foul Ball, location: 2F
0-2: Ball
1-2: Fly out, F8 (Flyball, 8LM, EV 88.8 MPH)
Top of the 5th over - 0 runs, 0 hits, 0 errors, 0 left on base; University of Georgia 4 - California State University at Fullerton 0
BOTTOM OF THE 5TH
California State University at Fullerton Titans batting - Pitching for University of Georgia Bulldogs : RHP Bob Vetrano
Batting: RHB Takayashi Hori 0-0: Foul Ball, location: 2F
0-1: Fly out, F8 (Line Drive, 8LM, EV 95.6 MPH)
Batting: LHB Mike Fernandez 0-0: Ball
1-0: Ball
2-0: Called Strike
2-1: Called Strike
2-2: Fly out, F8 (Flyball, 8RS, EV 80.6 MPH)
Batting: LHB Jim Snell 0-0: Ball
1-0: TRIPLE (Flyball, 8RXD, EV 105.6 MPH)
Batting: RHB Simon Sultzbach 0-0: Ball
1-0: Ground out 4-3 (Groundball, 4, EV 102.5 MPH)
Bottom of the 5th over - 0 runs, 1 hit, 0 errors, 1 left on base; University of Georgia 4 - California State University at Fullerton 0
TOP OF THE 6TH
University of Georgia Bulldogs batting - Pitching for California State University at Fullerton Titans : RHP Tyler Van der Lugt
Batting: RHB Murilo Cunha 0-0: Called Strike
0-1: Foul Ball, location: 2F
0-2: Ball
1-2: Ball
2-2: Foul Ball, location: 2F
2-2: Foul Ball, location: 2F
2-2: SINGLE (Groundball, 6MD, EV 105.0 MPH)
Batting: RHB Rodolfo Solis 0-0: Called Strike
0-1: Ball
1-1: Called Strike
1-2: Ball
2-2: Foul Ball, location: 2F
2-2: Strikes out swinging
Batting: LHB Milton Yeo 0-0: Ball
1-0: Called Strike
1-1: Swinging Strike
1-2: Ball
Wild Pitch!
Murilo Cunha to second
2-2: Strikes out swinging
Batting: RHB Justin Szymczyk 0-0: Called Strike
0-1: Swinging Strike
0-2: Ball
1-2: Ball
2-2: Foul Ball, location: 2F
2-2: SINGLE (Groundball, 6MD, EV 103.1 MPH)
Murilo Cunha to third
Runner from 3rd tries for Home, SAFE, throw by CF to home
Justin Szymczyk to second
Batting: LHB Andy Dyer 0-0: Called Strike
0-1: Ball
1-1: Fly out, F7 (Flyball, 78D, EV 86.2 MPH)
Top of the 6th over - 1 run, 2 hits, 0 errors, 1 left on base; University of Georgia 5 - California State University at Fullerton 0
BOTTOM OF THE 6TH
California State University at Fullerton Titans batting - Pitching for University of Georgia Bulldogs : RHP Bob Vetrano
Batting: LHB Alberto Aguilar 0-0: Ball
1-0: Swinging Strike
1-1: Ball
2-1: Ball
3-1: Foul Ball, location: 2F
3-2: Foul Ball, location: 2F
3-2: Ground out 5-3 (Groundball, 56S, EV 71.9 MPH)
Pitching: RHP Li-zhu Liu
Batting: SHB Jason Pugh 0-0: Ground out 1-3 (Groundball, 15S, EV 69.4 MPH)
Batting: RHB Justin Thomas 0-0: Called Strike
0-1: Ball
1-1: DOUBLE (Flyball, 8LXD, EV 107.5 MPH)
Batting: LHB John Blumberg 0-0: Called Strike
0-1: Foul Ball, location: 2F
0-2: Strikes out looking
Bottom of the 6th over - 0 runs, 1 hit, 0 errors, 1 left on base; University of Georgia 5 - California State University at Fullerton 0
TOP OF THE 7TH
University of Georgia Bulldogs batting - Pitching for California State University at Fullerton Titans : RHP Tyler Van der Lugt
Batting: RHB James Warby 0-0: Ball
1-0: Ball
2-0: Ball
3-0: Base on Balls
Batting: LHB Luis Mejia 0-0: Called Strike
0-1: Ball
1-1: Called Strike
1-2: Foul Ball, location: 2F
1-2: Ball
2-2: Ball
3-2: Foul Ball, location: 2F
3-2: Strikes out swinging
Pitching: RHP David Akers
Batting: LHB Sloan Rayner 0-0: Called Strike
0-1: Fielders Choice at 2nd, 3-6 (Groundball, 3, EV 89.4 MPH)
Batting: LHB Cole Sanchez 0-0: Called Strike
Sloan Rayner is caught stealing 2nd base 2-6
Top of the 7th over - 0 runs, 0 hits, 0 errors, 0 left on base; University of Georgia 5 - California State University at Fullerton 0
BOTTOM OF THE 7TH
California State University at Fullerton Titans batting - Pitching for University of Georgia Bulldogs : RHP Li-zhu Liu
Batting: RHB Alex Freyre 0-0: Ground out 4-3 (Groundball, 4, EV 84.4 MPH)
Batting: RHB Takayashi Hori 0-0: Called Strike
0-1: Ball
1-1: Ball
2-1: Ball
3-1: Foul Ball, location: 2F
3-2: SINGLE (Groundball, 4D, EV 101.9 MPH)
Batting: LHB Mike Fernandez 0-0: Called Strike
0-1: Ball
1-1: Ball
2-1: Swinging Strike
Takayashi Hori steals 2nd base
2-2: Ball
3-2: SINGLE (Groundball, 34S, EV 66.9 MPH) (infield hit)
Takayashi Hori to third
Batting: LHB Jim Snell 0-0: Called Strike
0-1: Ball
1-1: Foul Ball, location: 2F
1-2: Ball
2-2: Fielders Choice at 2nd, 5-4 (Groundball, 56S, EV 86.9 MPH)
Takayashi Hori scores
Pitching: LHP Andres Caceres
Batting: RHB Simon Sultzbach 0-0: Called Strike
Jim Snell steals 2nd base
0-1: Ball
1-1: Foul Ball, location: 2F
1-2: Ball
2-2: Ball
3-2: Fly out, F8 (Flyball, 8LXD, EV 109.4 MPH)
Bottom of the 7th over - 1 run, 2 hits, 0 errors, 1 left on base; University of Georgia 5 - California State University at Fullerton 1
TOP OF THE 8TH
University of Georgia Bulldogs batting - Pitching for California State University at Fullerton Titans : RHP David Akers
Batting: LHB Cole Sanchez 0-0: Called Strike
0-1: Swinging Strike
0-2: Strikes out swinging
Batting: RHB Murilo Cunha 0-0: Swinging Strike
0-1: SINGLE (Line Drive, 89S, EV 106.2 MPH)
Batting: RHB Rodolfo Solis 0-0: Ball
Murilo Cunha is caught stealing 2nd base 2-4
1-0: Ball
2-0: Foul Ball, location: 2F
2-1: Ground out U3 (Groundball, 3, EV 101.9 MPH)
Top of the 8th over - 0 runs, 1 hit, 0 errors, 0 left on base; University of Georgia 5 - California State University at Fullerton 1
BOTTOM OF THE 8TH
California State University at Fullerton Titans batting - Pitching for University of Georgia Bulldogs : LHP Andres Caceres
Batting: LHB Alberto Aguilar 0-0: Ball
1-0: SINGLE (Line Drive, 7S, EV 107.5 MPH)
Batting: SHB Jason Pugh 0-0: Ball
1-0: Foul Ball, location: 2F
1-1: Fielders Choice at 2nd, 4-6 (Groundball, 34, EV 101.2 MPH)
Batting: RHB Justin Thomas 0-0: Called Strike
0-1: Swinging Strike
0-2: Ball
1-2: Ball
2-2: Ball
3-2: Base on Balls
Jason Pugh to second
Batting: LHB John Blumberg 0-0: Foul Ball, location: 2F
0-1: Ball
1-1: Swinging Strike
1-2: Ball
2-2: Strikes out swinging
Batting: RHB Alex Freyre 0-0: Ball
1-0: Foul Ball, location: 2F
1-1: Ball
2-1: Foul Ball, location: 2F
2-2: Strikes out swinging, 2-3 out at first.
Bottom of the 8th over - 0 runs, 1 hit, 0 errors, 2 left on base; University of Georgia 5 - California State University at Fullerton 1
TOP OF THE 9TH
University of Georgia Bulldogs batting - Pitching for California State University at Fullerton Titans : RHP David Akers
Pitching: RHP Jaime Zapata
Batting: LHB Milton Yeo 0-0: Fly out, F7 (Flyball, 7S, EV 86.2 MPH)
Batting: RHB Justin Szymczyk 0-0: Ball
1-0: Foul Ball, location: 2F
1-1: Ball
2-1: SINGLE (Line Drive, 56, EV 102.5 MPH)
Batting: LHB Andy Dyer 0-0: SINGLE (Groundball, 34D, EV 95.0 MPH)
Justin Szymczyk to second
Runner from 2nd tries for 3rd, OUT! 9-5
Batting: RHB James Warby 0-0: Ball
1-0: Ball
2-0: Swinging Strike
2-1: Swinging Strike
2-2: Ball
3-2: Strikes out swinging
Top of the 9th over - 0 runs, 2 hits, 0 errors, 1 left on base; University of Georgia 5 - California State University at Fullerton 1
BOTTOM OF THE 9TH
California State University at Fullerton Titans batting - Pitching for University of Georgia Bulldogs : LHP Andres Caceres
Pitching: RHP Alex Vasquez
Pinch Hitting: LHB Steve Lane 0-0: Ball
1-0: Foul Ball, location: 2F
1-1: Fly out, F7 (Flyball, 7LS, EV 88.8 MPH)
Batting: LHB Mike Fernandez 0-0: Called Strike
0-1: Called Strike
0-2: SOLO HOME RUN (Flyball, 89XD, EV 115.0 MPH), Distance : 448 ft
Batting: LHB Jim Snell 0-0: Foul Ball, location: 2F
0-1: Ball
1-1: Fly out, F8 (Flyball, 8LXD, EV 92.5 MPH)
Batting: RHB Simon Sultzbach 0-0: Ball
1-0: Ball
2-0: Ground out 6-3 (Groundball, 6M, EV 76.9 MPH)
Bottom of the 9th over - 1 run, 1 hit, 0 errors, 0 left on base; University of Georgia 5 - California State University at Fullerton 2
Sunday, July 16th , 2023 - OOTP Baseball 24.6 Build 69